 Dungeon Crawl Stone Soup version 0.20.1-1-g8b1a95d (webtiles) character file.

2006 JohnnyMnemonic the Cleaver (level 9, -10/70 HPs)
             Began as a Hill Orc Fighter on Oct 11, 2017.
             Was a Follower of Beogh.
             Mangled by quell's ghost (12 damage)
             ... on level 6 of the Dungeon.
             The game lasted 00:08:18 (7023 turns).

JohnnyMnemonic the Cleaver (Hill Orc Fighter)       Turns: 7023, Time: 00:08:19

Health: -10/70     AC:  6    Str: 22    XL:     9   Next: 22%
Magic:  10/15      EV:  7    Int:  8    God:    Beogh [*.....]
Gold:   278        SH:  9    Dex: 10    Spells: 8/8 levels left

rFire    . . .     SeeInvis .   a - +0 war axe
rCold    . . .     Gourm    .   c - +0 shield
rNeg     . . .     Faith    +   b - +0 scale mail
rPois    .         Spirit   .   (no helmet)
rElec    .         Reflect  .   (no cloak)
rCorr    .         Harm     .   (no gloves)
MR       .....                  (no boots)
Stlth    ..........             o - amulet of faith
Regen    0.3/turn               h - ring of loudness (curse)
MPRegen  0.2/turn               (no ring)

@: no status effects
A: no striking features
a: Renounce Religion


You were on level 6 of the Dungeon.
You worshipped Beogh.
Beogh was aware of your devotion.
You were hungry.

You visited 1 branch of the dungeon, and saw 6 of its levels.

You collected 278 gold pieces.

Inventory:

Hand Weapons
 a - a +0 war axe (weapon)
Armour
 b - a +0 scale mail (worn)
 c - a +0 shield (worn)
Jewellery
 h - a cursed ring of loudness (left hand)
 o - an amulet of faith (around neck)
Wands
 e - a wand of flame (19/48)
 i - a wand of flame (29/48)
 r - a wand of paralysis (9/24)
Scrolls
 d - a scroll of immolation {unknown}
 g - 5 scrolls of identify {unknown}
 j - a scroll of remove curse {unknown}
 l - 2 scrolls of fog {unknown}
 n - a scroll of blinking {unknown}
 t - a scroll of teleportation {unknown}
 x - a scroll of magic mapping {unknown}
Potions
 p - a potion of flight
 q - a potion of resistance
Comestibles
 f - 4 bread rations
 k - a royal jelly
 m - 2 meat rations
 w - a fruit


   Skills:
 - Level 3.6 Fighting
 + Level 12.8 Axes
 - Level 3.2 Armour
 - Level 3.2 Shields
 + Level 8.0 Invocations


You had 8 spell levels left.
You didn't know any spells.

Dungeon Overview and Level Annotations

Branches:
Dungeon (6/15)
 Temple: D:4-7

Altars:
Dithmenos
Elyvilon
Gozag
Kikubaaqudgha
Nemelex Xobeh
Okawaru
Sif Muna
Uskayaw
Vehumet
Xom

Annotations:
D:6 quell's ghost, legendary MiFi


Message History

Something shocks you.
* * * LOW HITPOINT WARNING * * *
Okay, then.
Okay, then.
You hit the phantom but do no damage. You completely miss something.
The phantom closely misses you. Something hits you but does no damage.
You miss the phantom.
Your shield prevents you from hitting something.
The phantom blinks!
Something hits you.
* * * LOW HITPOINT WARNING * * *
Something shocks you.
* * * LOW HITPOINT WARNING * * *
The crimson imp hits you but does no damage.
Something hits you but does no damage.
You see here a howler monkey corpse.
The crimson imp shouts, "Run away, thou bumbling fen-sucked ratsbane!"
You block quell's ghost's attack.
A sky beast appears from thin air!
Reactivating autopickup.
The crimson imp blinks!
Quell's ghost hits you!
You die...

#..#
###......#
#..##
#.....## #..
##....# #..
#....## ###
###....#
##.....<##
#........##
##........#
##..)†@..#
##.YW..##
#.)§..#
#≈†.(##
#W##.#
......'.##.#
......'.##..
......#####5#
.).... ##


You could see a phantom, a sky beast, quell's ghost and a crimson imp.

Vanquished Creatures
  Pikel (D:5)
  Eustachio (D:4)
  Edmund (D:6)
  Duvessa (D:5)
  A sky beast (D:5)
  2 centaurs
  Dowan (D:5)
  2 scorpions
  A howler monkey (D:6)
  A quasit (D:5)
  4 hounds
  4 orc priests
  5 orc wizards
  5 worker ants
  4 adders
  4 gnolls (D:5)
  A river rat (D:5)
  A shadow imp (D:5)
  An ooze (D:2)
  An adder zombie (D:6)
  An adder skeleton (D:4)
  6 worms
  3 dart slugs
  5 leopard geckos
  28 orcs
  A giant cockroach (D:2)
  6 goblins
  8 hobgoblins
  4 jackals
  4 quokkas
  A ball python (D:4)
  6 bats
  5 frilled lizards
  11 kobolds
  2 quokka skeletons
  5 rats
138 creatures vanquished.

Vanquished Creatures (others)
  A slave (D:5)
  A scorpion (D:5)
  An orc priest (D:5)
  An orc (D:5)
4 creatures vanquished.

Grand Total: 142 creatures vanquished

Notes
Turn   | Place    | Note
-------+----------+-------------------------------------------
     0 | D:1      | JohnnyMnemonic the Hill Orc Fighter began the quest for the Orb.
     0 | D:1      | Reached XP level 1. HP: 19/19 MP: 1/1
    35 | D:1      | Reached skill level 3 in Axes
   120 | D:1      | Reached XP level 2. HP: 26/26 MP: 2/2
   170 | D:1      | Found a sparkling altar of Nemelex Xobeh.
   293 | D:1      | Reached skill level 4 in Axes
   536 | D:1      | Reached XP level 3. HP: 27/31 MP: 3/3
   770 | D:2      | Reached skill level 5 in Axes
  1214 | D:2      | Reached XP level 4. HP: 39/39 MP: 4/4
  1706 | D:3      | Reached skill level 6 in Axes
  1883 | D:3      | Reached skill level 7 in Axes
  1883 | D:3      | Reached XP level 5. HP: 37/45 MP: 5/5
  2773 | D:3      | Found a hide-covered altar of Uskayaw.
  2812 | D:3      | Reached skill level 8 in Axes
  2812 | D:3      | Reached XP level 6. HP: 26/51 MP: 6/6
  3192 | D:3      | Became a worshipper of Beogh the Brigand
  3564 | D:4      | Found a white marble altar of Elyvilon.
  3810 | D:4      | Found a shimmering altar of Xom.
  3811 | D:4      | Found a radiant altar of Vehumet.
  3811 | D:4      | Found an ancient bone altar of Kikubaaqudgha.
  3811 | D:4      | Found a shadowy altar of Dithmenos.
  3830 | D:4      | Reached skill level 9 in Axes
  3832 | D:4      | Found an iron altar of Okawaru.
  3832 | D:4      | Found a deep blue altar of Sif Muna.
  4104 | D:4      | Reached * piety under Beogh
  4424 | D:4      | Reached XP level 7. HP: 40/57 MP: 7/7
  4896 | D:5      | Entered Level 5 of the Dungeon
  4901 | D:5      | Got a jewelled helmet
  4929 | D:5      | Reached skill level 10 in Axes
  4940 | D:5      | Identified the +2 helmet of Cawnut {*Drain rN+++ Str+2 Slay-5} (You found it on level 5 of the Dungeon)
  5211 | D:5      | Found a sparkling altar of Nemelex Xobeh.
  5212 | D:5      | Found an opulent altar of Gozag.
  5225 | D:5      | Reached skill level 1 in Invocations
  5241 | D:5      | Noticed Pikel
  5257 | D:5      | Killed Pikel
  5257 | D:5      | Reached skill level 11 in Axes
  5257 | D:5      | Reached XP level 8. HP: 64/64 MP: 7/11
  5458 | D:5      | Reached skill level 5 in Invocations
  5460 | D:5      | Reached ** piety under Beogh
  5551 | D:5      | Found a glowing drain.
  5719 | D:5      | Noticed Duvessa
  5719 | D:5      | Noticed Dowan
  5720 | D:5      | Noticed Eustachio
  5734 | D:5      | Killed Duvessa
  5746 | D:4      | Killed Eustachio
  5746 | D:4      | Reached skill level 12 in Axes
  6041 | D:5      | Killed Dowan
  6732 | D:5      | Reached XP level 9. HP: 47/70 MP: 11/14
  6987 | D:6      | Noticed Edmund
  7009 | D:6      | Killed Edmund
  7016 | D:6      | Noticed quell's ghost (legendary MiFi)
  7019 | D:6      | HP: 1/70 [something (5)]
  7023 | D:6      | Mangled by quell's ghost

Skill      XL: |  1  2  3  4  5  6  7  8  9 |
---------------+----------------------------+-----
Axes           | 3 4 5 7 8 9 11 12 | 12.8
Invocations    | 4 7 8 |  8.0
Fighting       | |  3.6
Armour         | |  3.2
Shields        | |  3.2

Action                   |  1- 3 |  4- 6 |  7- 9 || total
-------------------------+-------+-------+-------++-------
Melee: War axe           |    85 |   157 |   181 ||   423
Invok: Convert to Beogh  |       |     1 |       ||     1
       Smiting           |       |       |     6 ||     6
  Use: Potion            |     1 |     2 |     9 ||    12
  Eat: Chunk             |       |     7 |     6 ||    13
       Meat ration       |       |     1 |       ||     1
       Fruit             |       |       |     1 ||     1
Armor: Scale mail        |    32 |    55 |    85 ||   172
Dodge: Dodged            |    24 |    51 |    63 ||   138
Block: Shield            |    40 |    78 |   102 ||   220
